 Dungeon Crawl Stone Soup version 0.24-a0-251-g44e327e (webtiles) character file.

Game seed: 7664551597870673894

53 Borgoz the Cutter (level 4, 0/27 HPs)
             Began as a Kobold Gladiator on Apr 16, 2019.
             Slain by an orc priest
             ... wielding a +0 short sword
              (2 damage)
             ... on level 2 of the Dungeon.
             The game lasted 00:02:12 (1339 turns).

Borgoz the Cutter (Kobold Gladiator)                Turns: 1339, Time: 00:02:13

Health: 0/27       AC: 10    Str: 10 (12) XL:     4   Next: 11%
Magic:  4/4        EV: 15    Int: 10 (12) God:
Gold:   66         SH:  0    Dex: 13 (16) Spells: 3/3 levels left

rFire    . . .     SeeInvis .   a - +0 rapier
rCold    . . .     Gourm    .   (shield restricted)
rNeg     . . .     Faith    .   b - +0 leather armour
rPois    .         Spirit   .   k - +1 hat
rElec    .         Reflect  .   (no cloak)
rCorr    .         Harm     .   (no gloves)
MR       .....                  (no boots)
Stlth    +.........             (no amulet)
HPRegen  0.09/turn              e - +3 ring of intelligence
MPRegen  0.09/turn              g - +6 ring of protection

@: no status effects
A: small, carnivore
a: no special abilities


You were on level 2 of the Dungeon.
You were completely stuffed.

You visited 1 branch of the dungeon, and saw 3 of its levels.

You collected 66 gold pieces.

Inventory:

Hand Weapons
 a - a +0 rapier (weapon)
Missiles
 d - 3 throwing nets (quivered)
Armour
 b - a +0 leather armour (worn)
 k - a +1 hat (worn)
Jewellery
 e - a +3 ring of intelligence (left hand)
 g - a +6 ring of protection (right hand)
Scrolls
 h - a scroll of enchant armour {unknown}
 i - a scroll of fog {unknown}
 j - a scroll of amnesia {unknown}
 l - a scroll of immolation {unknown}
 m - a scroll of random uselessness {unknown}
Potions
 n - a potion of ambrosia
Comestibles
 f - 3 rations


   Skills:
 + Level 2.5 Fighting
 + Level 5.0 Short Blades
 + Level 2.3 Throwing
 + Level 0.7 Armour
 + Level 4.2 Dodging
 + Level 0.6 Stealth


You had 3 spell levels left.
You didn't know any spells.
Your spell library was empty.

Dungeon Overview and Level Annotations

Branches:
Dungeon (3/15)

Altars:
Dithmenos
Hepliaklqana
Qazlal
Vehumet

Annotations:
D:2 1 runed translucent door, Crazy Yiuf


Innate Abilities, Weirdness & Mutations

You are small and have problems with some larger weapons.
You are carnivorous and can eat meat at any time.


Message History

The orc priest is severely wounded.
The orc closely misses you. The orc completely misses you.
The orc priest hits you but does no damage.
You hit the orc priest but do no damage.
The orc priest is severely wounded.
The orc hits you with a +0 club. The orc misses you.
The orc priest closely misses you.
You hit the orc priest but do no damage.
The orc priest is severely wounded.
The orc hits you but does no damage. The orc misses you.
The orc priest invokes the aid of Beogh against you.
Pain shoots through your body!
* * * LOW HITPOINT WARNING * * *
Number of times to repeat, then command key: You must enter the number of times for the command to repeat.
You hit the orc priest.
The orc priest is almost dead.
The orc hits you but does no damage. x2
The orc priest hits you with a +0 short sword.
You die...

#
#....#...##..#.#
♣♣
######...##....#
.♣ ###.##..###
.♣♣ #.....# ♣.♣
##....# .♣♣
###....#### ..♣
#####
#...[.....# ..♣
#...#
#.#.......## ..#
#...#
#.###o@#...#
..###...###.#
#oo#..##
........'.#.#
##....#
........#.#.#
#.##.#
......((#.#.#
#.##.#
..........#.#
#....#
............#
######
######.#.####
#<..#


You could see an orc priest and 2 orcs.

Vanquished Creatures
  2 adders (D:2)
  A worm (D:2)
  2 giant cockroaches
  3 goblins
  8 hobgoblins
  A quokka (D:2)
  5 bats (D:1)
  4 frilled lizards
  3 kobolds
  2 rats (D:1)
  A plant (D:1)
32 creatures vanquished.

Notes
Turn   | Place    | Note
-------+----------+-------------------------------------------
     0 | D:1      | Borgoz the Kobold Gladiator began the quest for the Orb.
     0 | D:1      | Reached XP level 1. HP: 12/12 MP: 1/1
   109 | D:1      | Reached XP level 2. HP: 10/17 MP: 2/2
   493 | D:2      | Reached XP level 3. HP: 11/22 MP: 3/3
   858 | D:2      | Found a radiant altar of Vehumet.
   870 | D:2      | Reached skill level 5 in Short Blades
   894 | D:2      | Found a stormy altar of Qazlal.
   898 | D:2      | Found a shadowy altar of Dithmenos.
   898 | D:2      | Found a hazy altar of Hepliaklqana.
  1020 | D:2      | Reached XP level 4. HP: 19/27 MP: 4/4
  1110 | D:2      | Found a runed translucent door.
  1111 | D:2      | Noticed Crazy Yiuf
  1339 | D:2      | Slain by an orc priest

Levels and vault maps discovered:
D:1:      roderic_crop_circles_arrival_small, layout_rooms,
          grunt_decor_arrowhead
D:2:      layout_basic, grunt_temple_overflow_open, uniq_crazy_yiuf_cottage
D:3:      layout_rooms, chequers_ecumenical_altar_island

Skill      XL: |  1  2  3 |
---------------+----------+-----
Dodging        | 4 |  4.2
Short Blades   | 5 |  5.0
Fighting       | |  2.5
Throwing       | |  2.3
Armour         | |  0.7
Stealth        | |  0.6

Action                   |  1- 3 |  4- 6 || total
-------------------------+-------+-------++-------
Melee: Rapier            |   128 |    33 ||   161
Throw: Throwing net      |     1 |       ||     1
  Use: Potion            |     3 |     1 ||     4
 Stab: Sleeping          |     1 |     1 ||     2
       Held in net/web   |     1 |       ||     1
  Eat: Chunk             |     8 |     2 ||    10
Armor: Leather armour    |    14 |    13 ||    27
Dodge: Dodged            |    71 |    39 ||   110

Table legend:
 A = Non-vault XP
 B = Vault XP
 C = Vault XP percentage of total XP
 D = Non-vault monster count
 E = Vault monster count
 F = Vault count percentage of total count
                 A         B        C        D         E       F
            +---------+---------+-------+---------+---------+-------
      Total |      77 |       0 |   0.0 |      31 |       0 |   0.0
            +---------+---------+-------+---------+---------+-------
        D:1 |      24 |       0 |   0.0 |      16 |       0 |   0.0
        D:2 |      53 |       0 |   0.0 |      15 |       0 |   0.0
            +---------+---------+-------+---------+---------+-------
